 BcadrenCrawl: Boulder Brew version 0.05.31-22-geda828027a (webtiles) character file.

Game seed: 16725395253624598670, levelgen mode: deterministic

129 BR41ND34D the Grave Robber (level 4, -3/25 HPs) Silent Spectre Necromancer. Began on Oct 2, 2021. Slain by a water moccasin (5 damage) ... on level 2 of the Dungeon. The game lasted 00:11:22 (1077 turns).

BR41ND34D the Grave Robber (SSNe)                   Turns: 1077, Time: 00:11:22

Health: -3/25      AC:  2    Str:  4    XL:     4 ^: 11
Magic:  2/12       EV: 16    Int: 18    God:
Gold:   69         SH:  0    Dex: 17    Spells: 5/9 levels left

rFire    . . .     Vision   .   e - +2 dagger (speed) (curse) {(Curse: MR-)}
rCold    . . .     Gourm    .   (no weapon)
rNeg     + + +     Faith    .   a - +0 robe
rCorr    . . .     Spirit   .   (no helmet)
rPois    ∞         Reflect  .   b - scarf {repulsion}
rElec    .         Harm     .   (no gloves)
MR       .....                  (no boots)
Stlth    +++.......             (no amulet)
HPRegen  0.18/turn              (no ring)
MPRegen  0.22/turn              (no ring)

@: very slightly contaminated, silenced, repel missiles
A: silence aura 2, negative energy resistance 3, torment resistance,
unbreathing, petrification resistance, silent casting, insubstantial
a: no special abilities


You were on level 2 of the Dungeon.
You were not hungry.

You visited 1 branch of the dungeon, and saw 2 of its levels.

You collected 69 gold pieces.

Inventory:

Weapons
 c - a +0 dagger
 e - a cursed +2 dagger of speed (weapon) {(Curse: MR-)}
Armour
 a - a +0 robe (worn)
 b - a scarf of repulsion (worn)
 d - a +0 cloak
Jewellery
 f - a cursed ring of strength {(Curse: *Corrode)}
Miscellaneous
 g - a sack of spiders


   Skills:
 + Level 1.1 Fighting
 + Level 3.1 Dodging
 + Level 3.2 Stealth
 * Level 3.4 Spellcasting
 * Level 5.2 Necromancy


You had 5 spell levels left.
You knew the following spells:

 Your Spells              Type           Power        Failure   Level  Hunger
a - Pain                  Hex/Necr       12 (25)      8%          1    N/A
b - Vampiric Draining     Necr           21 (200)     8%          3    N/A

Your spell library contained the following spells:

 Spells                   Type           Power        Failure   Level  Hunger
 Pryten's Skeletal Upris  Chrm/Necr      12 (200)     21%         3    N/A
 Regeneration             Chrm/Necr      12 (200)     21%         3    N/A
 Animate Dead             Necr           N/A          24%         4    N/A

Dungeon Overview and Level Annotations

Branches:
Dungeon (2/8)

Altars:


Innate Abilities, Weirdness & Mutations

You are immune to poison.
You are surrounded by an aura of unnatural quiet.
You are immune to negative energy. (rN+++)
You are immune to unholy pain and torment.
You can survive without breathing.
You are immune to petrification.
You can communicate with gods and cast spells while silenced.
Your insubstantial form boosts your evasion and grants immunity to sticky flames, nets and constriction.


Message History

The water moccasin barely misses you (0).
The water moccasin bites you (5).
* * * LOW HITPOINT WARNING * * *
The bat completely misses you (0).
Casting: Vampiric Draining (safe; 8% risk of failure)
Confirm with . or Enter, or press ? or * to list all spells.
You don't have enough magic to cast that spell.
Unknown command.
The bat hits you but does no damage.
The water moccasin barely misses you (0).
The bat hits you but does no damage.
The bat misses the giant blowfly (0).
The bat misses the giant blowfly (0).
The water moccasin bites you (2).
* * * LOW HITPOINT WARNING * * *
You hit the water moccasin (3).
You hit the water moccasin but do no damage.
The water moccasin is moderately wounded. (20/28) HP The bat closely misses the giant blowfly (0).
The water moccasin bites you (5).
You die...

#≈≈≈≈≈≈#≈####
#..≈≈PP##b.†#
#.≈≈P≈P##†.≈#
#.≈≈≈≈≈##†###
##.≈≈≈≈.≈b###
...≈.≈≈≈≈....P##
..#..≈≈≈b..≈>≈.#
...#.≈≈≈bS#≈..##
## #≈≈≈≈≈@#≈.##
#≈≈≈≈≈.##≈#
#≈≈≈≈≈≈≈####
.≈≈≈≈≈≈≈≈
.≈≈≈≈≈≈≈≈
..≈≈≈≈≈≈≈≈
≈≈≈≈≈≈≈≈≈≈
b≈≈≈≈≈≈≈≈b≈


You could see a water moccasin and a bat.

Vanquished Creatures
  3 giant cockroaches (D:1)
  An adder (D:2)
  3 sewer rats (D:2)
  A cinder newt (D:1)
  An ooze (D:1)
  5 leopard geckos
  An adder skeleton (D:2)
  2 ball pythons (D:1)
  6 goblins (D:1)
  2 hobgoblins (D:1)
  4 bats
  4 kobolds (D:1)
  6 rats (D:1)
  2 withered plants (D:2)
41 creatures vanquished.

Vanquished Creatures (others)
  A leopard gecko (D:2)
  2 ball pythons (D:2)
  32 withered plants (D:2)
35 creatures vanquished.

Grand Total: 76 creatures vanquished

Notes
Turn   | Place    | Note
-------+----------+-------------------------------------------
     0 | D:1      | BR41ND34D the Silent Spectre Necromancer began the quest
                  | for the Orb.
     0 | D:1      | Reached XP level 1. HP: 10/10 MP: 6/6
    52 | D:1      | Reached XP level 2. HP: 16/16 MP: 0/8
    77 | D:1      | Reached XP level 3. HP: 19/20 MP: 0/10
    82 | D:1      | Learned a level 3 spell: Vampiric Draining
   616 | D:1      | Reached skill level 1 in Fighting
   616 | D:1      | Reached skill level 5 in Necromancy
   616 | D:1      | Reached XP level 4. HP: 24/25 MP: 8/11
  1059 | D:2      | Noticed a water moccasin
  1077 | D:2      | Slain by a water moccasin

Levels and vault maps discovered:
D:1:      nzn_arrival_depleted_hourglass, layout_basic, minivault_1,
          chequers_serial_rivers_large_a
D:2:      layout_sewer, lemuel_coloured_pillars_altar, grunt_gozag_statues,
          first_ration, serial_shops, shop_fountains, minmay_ruptured,
          uniq_pikel

Skill      XL: |  1  2  3  4 |
---------------+-------------+-----
Spellcasting   | 3 |  3.4
Fighting       | 1 |  1.1
Stealth        | 3 |  3.2
Necromancy     | 5 |  5.2
Dodging        | 3 |  3.1

Action                   |  1- 3 |  4- 6 || total
-------------------------+-------+-------++-------
Melee: Unarmed           |    44 |    21 ||    65
       Dagger            |    18 |    26 ||    44
 Cast: Pain              |    38 |    36 ||    74
       Vampiric Draining |       |     1 ||     1
 Stab: Sleeping          |     3 |     2 ||     5
Armor: Robe              |     4 |     3 ||     7
Dodge: Dodged            |    30 |    30 ||    60
